 Dungeon Crawl Stone Soup version 0.30.1-4-g462c640d31 (webtiles) character file.

Game seed: 4784190578078375532

1000 lonewolfV2 the Poker (level 8, -2/61 HPs)
             Began as a Demonspawn Fighter on Aug 25, 2023.
             Slain by a gnoll sergeant
             ... wielding a +0 trident
              (10 damage)
             ... on level 5 of the Dungeon.
             The game lasted 00:05:32 (3447 turns).

lonewolfV2 the Poker (Demonspawn Fighter)           Turns: 3447, Time: 00:05:33

Health: -2/61      AC: 11    Str: 18    XL:     8   Next: 0%
Magic:  8/8        EV: 10    Int: 10    God:
Gold:   147        SH:  5    Dex: 13    Spells: 7/7 levels left

rFire   . . .        i - +2 spear (freeze)
rCold   + . .        c - +0 buckler
rNeg    . . .        b - +0 scale mail
rPois   +            (no helmet)
rElec   .            (no cloak)
rCorr   .            (no gloves)
SInv    .            (no boots)
Will    .....        (no amulet) Stlth
                     k - ring of poison resistance
HPRegen 0.30/turn    (no ring)
MPRegen 0.11/turn

%: no passive effects
@: no status effects
A: icy blue scales 3, spiny 1, demonic touch 1
a: no special abilities


You were on level 5 of the Dungeon.
You visited 1 branch of the dungeon, and saw 5 of its levels.

You collected 147 gold pieces.

Inventory:

Hand Weapons
 a - a +0 war axe
 i - a +2 spear of freezing (weapon)
Armour
 b - a +0 scale mail (worn)
 c - a +0 buckler (worn)
Jewellery
 k - a ring of poison resistance (left hand)
Wands
 j - a wand of polymorph (5)
 r - a wand of acid (6)
Scrolls
 m - a scroll of silence
 o - a scroll of blinking
 p - a scroll of identify
Potions
 d - a potion of might
 e - 2 potions of degeneration
 f - 5 potions of flight
 g - 2 potions of cancellation
 h - a potion of curing
 l - a potion of attraction
 n - a potion of heal wounds
 q - 2 potions of lignification {unknown}


   Skills:
 + Level 4.6 Fighting
 + Level 2.1(4.0) Axes
 + Level 5.2(5.5) Polearms
 + Level 4.5 Armour
 + Level 2.0 Dodging
 + Level 0.5 Stealth
 + Level 3.9 Shields


You had 7 spell levels left.
You didn't know any spells.
Your spell library contained the following spells:

 Spells                   Type           Power      Damage    Failure   Level
 Cigotuvi's Dreadful Rot  Necr/Pois/Air  0%         N/A       91%         2
 Lesser Beckoning         Tloc           0%         N/A       91%         2
 Gell's Gravitas          Tloc           0%         N/A       99%         3
 Ignite Poison            Fire/Tmut/Pois 0%         N/A       99%         3
 Teleport Other           Tloc           0%         N/A       99%         3
 Freezing Cloud           Conj/Ice/Air   0%         6-21      100%        5


Dungeon Overview and Level Annotations

Branches:
Dungeon (5/15)
 Temple: D:4-7

Altars:
Dithmenos

Shops:
D:2 [?**


Innate Abilities, Weirdness & Mutations

You are completely covered in icy blue scales. (AC +4, rC+)
You are partially covered in sharp spines.
Your touch may inflict minor irresistible damage on your foes.


Message History

You reach to attack!
You hit the gnoll sergeant but do no damage.
The gnoll sergeant is moderately wounded.
The gnoll sergeant throws a poisoned dart.
You block the poisoned dart.
Reach: i) +2 spear (freeze)
Press: ? - help, Dir - move target, f/p - gnoll sergeant
Aim: a gnoll sergeant, wielding a +0 trident, wearing a +0 ring mail and quivering poisoned darts (moderately wounded, about 28% to evade your +2 spear of freezing)
You reach to attack!
You hit the gnoll sergeant but do no damage.
The gnoll sergeant is moderately wounded.
The gnoll sergeant hits you from afar with a +0 trident.
* * * LOW HITPOINT WARNING * * *
The gnoll sergeant hits you but does no damage.
Things that are here:
a +0 whip; a scroll labelled IFIHYD TOJESM You feel better.
The gnoll sergeant hits you with a +0 trident.
* * * LOW HITPOINT WARNING * * *
You hit the gnoll sergeant. You freeze the gnoll sergeant.
The gnoll sergeant is heavily wounded.
You hit the gnoll sergeant. You freeze the gnoll sergeant.
The gnoll sergeant is heavily wounded.
The gnoll sergeant is struck by your spines.
The gnoll sergeant hits you with a +0 trident!
* * * LOW HITPOINT WARNING * * *
You feel better.
The gnoll sergeant is struck by your spines.
The gnoll sergeant barely misses you.
You barely miss the gnoll sergeant.
The gnoll sergeant is severely wounded.
The gnoll sergeant hits you with a +0 trident.
* * * LOW HITPOINT WARNING * * *
You barely miss the gnoll sergeant.
The gnoll sergeant is severely wounded.
The gnoll sergeant closely misses you.
You barely miss the gnoll sergeant.
The gnoll sergeant is severely wounded.
The gnoll sergeant hits you with a +0 trident!
You die...

.. #. .. ## #. ...
#. .... .. #.##
##.....
....##..###.......
$....(.g@...#
....###.##### #
#..# ##)# ##.#
#.#####....#
#.##[...#
##.#.<#### #.....#
#.<.........


You could see a gnoll sergeant.

Vanquished Creatures
  Sigmund (D:5)
  3 yaks (D:5)
  A black bear (D:4)
  3 hounds (D:4)
  An orc wizard (D:3)
  4 gnolls
  7 adders
  4 worms
  2 dart slugs
  4 orcs (D:3)
  13 ball pythons
  5 endoplasms
  4 giant cockroaches
  8 goblins
  3 hobgoblins
  11 jackals
  4 quokkas
  7 bats
  2 frilled lizards
  8 kobolds
  5 rats
100 creatures vanquished.

Notes
Turn   | Place    | Note
-------+----------+-------------------------------------------
     0 | D:1      | lonewolfV2 the Demonspawn Fighter began the quest for the
                  | Orb.
     0 | D:1      | Reached XP level 1. HP: 18/18 MP: 1/1
   195 | D:1      | Gained mutation: You are partially covered in icy blue
                  | scales. (AC +2) [demonic ancestry]
   195 | D:1      | Reached XP level 2. HP: 12/24 MP: 2/2
   793 | D:2      | Gained mutation: You are mostly covered in icy blue scales.
                  | (AC +3) [demonic ancestry]
   793 | D:2      | Reached XP level 3. HP: 29/29 MP: 3/3
  1045 | D:2      | Found Soamue's Antique Armour Shop.
  1058 | D:2      | Reached skill level 1 in Polearms
  1086 | D:2      | Gained mutation: You are partially covered in sharp spines.
                  | [demonic ancestry]
  1086 | D:2      | Reached XP level 4. HP: 29/35 MP: 4/4
  1136 | D:2      | Found Biqoilas's General Store.
  1196 | D:2      | Found Cekot's Assorted Antiques.
  1229 | D:2      | Found Qothios's Magic Scroll Shoppe.
  1952 | D:3      | Found a shadowy altar of Dithmenos.
  2119 | D:3      | Gained mutation: You are completely covered in icy blue
                  | scales. (AC +4, rC+) [demonic ancestry]
  2119 | D:3      | Reached XP level 5. HP: 38/41 MP: 5/5
  2204 | D:3      | Reached skill level 2 in Polearms
  2576 | D:4      | Reached skill level 1 in Dodging
  2706 | D:4      | Noticed a black bear
  2713 | D:4      | Killed a black bear
  2714 | D:4      | Reached skill level 3 in Polearms
  2714 | D:4      | Reached XP level 6. HP: 48/48 MP: 6/6
  3000 | D:5      | Entered Level 5 of the Dungeon
  3005 | D:5      | Noticed a yak
  3005 | D:5      | Noticed a yak
  3006 | D:5      | Noticed a yak
  3010 | D:5      | Noticed Sigmund
  3023 | D:5      | Killed a yak
  3024 | D:5      | Reached skill level 4 in Polearms
  3024 | D:5      | Reached XP level 7. HP: 37/54 MP: 7/7
  3029 | D:5      | Killed a yak
  3033 | D:5      | Killed Sigmund
  3037 | D:5      | Killed a yak
  3038 | D:5      | Reached skill level 5 in Polearms
  3438 | D:5      | Gained mutation: Your touch may inflict minor irresistible
                  | damage on your foes. [demonic ancestry]
  3438 | D:5      | Reached XP level 8. HP: 11/61 MP: 8/8
  3443 | D:5      | HP: 1/61 [gnoll sergeant/+0 trident (9)]
  3447 | D:5      | Slain by a gnoll sergeant

Illustrated notes

Levels and vault maps discovered:
D:1:      heliophobic_arrival_battle_scene, layout_loops_ring, nicolae_wormholes
D:2:      layout_basic, serial_shops, shop, nicolae_shop_behind_doors,
          nicolae_shop_advertising_works [nicolae_subvault_shop_adworks], shop
D:3:      layout_rooms, nicolae_dithmenos_shadow_blocks, serial_forest,
          infiniplex_forest_clump_C, infiniplex_forest_3_way,
          infiniplex_forest_clump_small, infiniplex_forest_lined_corner,
          infiniplex_forest_lined_ring, infiniplex_forest_lined_2,
          infiniplex_forest_lined_2, infiniplex_forest_lined_room_2,
          minmay_hedge_maze, minmay_snake_closets
D:4:      layout_rooms, dreamdust_gnoll_farm
D:5:      layout_rooms, minmay_misc_feat_plants, uniq_crazy_yiuf_cottage,
          uniq_sigmund

Skill      XL: |  1  2  3  4  5  6  7 |
---------------+----------------------+-----
Armour         | 3 4 |  4.5
Shields        | 3 |  3.9
Axes           | 2 |  2.1
Polearms       | 1 3 4 5 |  5.2
Dodging        | 1 2 |  2.0
Fighting       | 4 |  4.6
Stealth        | |  0.5

Action                     |  1- 3 |  4- 6 |  7- 9 || total
---------------------------+-------+-------+-------++-------
  Melee: War axe           |    30 |       |       ||    30
         Spear             |   103 |   120 |    32 ||   255
    Use: Scroll            |       |    12 |       ||    12
         Potion            |       |       |     3 ||     3
 Armour: Scale mail        |    61 |    62 |     8 ||   131
  Dodge: Dodged            |    71 |    55 |    15 ||   141
  Block: Buckler           |    34 |    31 |     6 ||    71
